 Dungeon Crawl Stone Soup version 0.26.0-10-g1f06aea511 (webtiles) character file.

Game seed: 11242570447012024069

3272 Borgoz the Skirmisher (level 10, 0/88 HPs)
             Began as a Ghoul Gladiator on Jan 15, 2021.
             Was an Initiate of Ashenzari.
             Slain by a killer bee (1 damage)
             ... on level 5 of the Dungeon.
             The game lasted 00:12:59 (9081 turns).

Borgoz the Skirmisher (Ghoul Gladiator)             Turns: 9081, Time: 00:12:59

Health: 0/88       AC: 10    Str: 19    XL:     10   Next: 0%
Magic:  9/9        EV: 12    Int:  3    God:    Ashenzari [......]
Gold:   352        SH:  3    Dex: 13    Spells: 9/9 levels left

rFire    . . .     SeeInvis .   a - +1 long sword
rCold    + + .     Faith    .   c - +0 buckler {rC+}
rNeg     + + +     Spirit   .   f - +0 scale mail
rPois    ∞         Reflect  .   o - +2 hat
rElec    .         Harm     .   j - +0 cloak
rCorr    +         Rampage  .   (no gloves)
Will     .....                  (no boots)
Stlth    ..........             s - amulet of regeneration
HPRegen  0.00/turn              y - ring of resist corrosion
MPRegen  0.11/turn              (no ring)

@: no status effects
A: claws 1, cold resistance 1, negative energy resistance 3, inhibited
regeneration, torment resistance, unbreathing
a: Renounce Religion, Curse Item


You were on level 5 of the Dungeon.
You worshipped Ashenzari.
Ashenzari was noncommittal.
You visited 2 branches of the dungeon, and saw 9 of its levels.
You also visited: Ossuary.

You collected 352 gold pieces.

Inventory:

Hand Weapons
 a - a +1 long sword (weapon)
Armour
 c - a +0 buckler of cold resistance (worn)
 f - a +0 scale mail (worn)
 j - a +0 cloak (worn)
 o - a +2 hat (worn)
Jewellery
 s - an amulet of regeneration (around neck)
 y - a ring of resist corrosion (left claw)
Wands
 m - a wand of disintegration (14)
 p - a wand of paralysis (7)
 q - a wand of iceblast (8)
 r - a wand of digging (7)
Scrolls
 h - 7 scrolls of remove curse
 k - 3 scrolls of enchant armour
 l - 4 scrolls of teleportation
 n - 3 scrolls of magic mapping
 t - a scroll of fear
Potions
 b - a potion of cancellation
 e - 6 potions of flight
 i - 2 potions of magic
 v - 3 potions of haste
 w - 2 potions of brilliance
 x - a potion of resistance


   Skills:
 + Level 7.8 Fighting
 + Level 6.8 Long Blades
 - Level 1.7 Throwing
 + Level 6.1 Armour
 + Level 6.8 Dodging


You had 9 spell levels left.
You didn't know any spells.
Your spell library was empty.

Dungeon Overview and Level Annotations

Branches:
Dungeon (8/15)             Temple (1/1) D:7         Ossuary (visited)
   Lair: D:8-11

Altars:
Ashenzari
Cheibriados
Dithmenos
Elyvilon
Fedhas
Gozag
Hepliaklqana
Kikubaaqudgha
Makhleb
Nemelex Xobeh
Okawaru
Qazlal
Ru
Sif Muna
Trog
Uskayaw
Vehumet
Xom
Yredelemnul
Zin
The Shining One
Lugonu

Shops:
D:4 *   D:6 }

Annotations:
D:5 1 transporter, Subaru's ghost, novice DrTm


Innate Abilities, Weirdness & Mutations

You thrive by killing the living.
You are immune to poison.
You have sharp fingernails.
Your flesh is cold resistant. (rC+)
You are immune to negative energy. (rN+++)
You do not regenerate when monsters are visible.
You are immune to unholy pain and torment.
You can survive without breathing.


Message History

The killer bee stings you but does no damage.
You miss the killer bee.
The killer bee is severely wounded.
The killer bee barely misses you. The killer bee stings you.
* * * LOW HITPOINT WARNING * * *
It was a potion of berserk rage.
You cannot raise a blood rage in your lifeless body.
The killer bee stings you.
* * * LOW HITPOINT WARNING * * *
The killer bee stings you but does no damage.
Okay, then.
As you read the scroll of fear, it crumbles to dust.
You assume a fearsome visage.
The hornet looks frightened!
The killer bee looks frightened! x2; Subaru's ghost is unaffected.
The killer bee barely misses you.
You riposte.
You slash the killer bee!
The killer bee is heavily wounded.
You block the killer bee's attack.
You see here a wand of digging (9).
The killer bee stings you.
You die...

##.##.............©.......##
#.##.......#############..##
##.##......#####.y©..#####..#
#.........###...#yW.#...###.#
...#####..##yy#.W###..#..##.#
##.# #..###...#...#.#.###.##
#.# #...#####y.#..### #...#
#.# #..###...#yy.#...###..#
##.# ##..##..#.@###..#..##..#
...# ##...###...#...#...###..#
#### #.....#####y?©($#####...#
######......#############..#.#
..................©.......#..#
######......######.#.######.##
# #.))...# #..........# #
###.[.#.# ###.######## #
#...)...# #.#


You could see 2 killer bees.

Vanquished Creatures
  Sigmund (D:6)
  Eustachio (D:4)
  Edmund (D:5)
  2 sky beasts (D:7)
  An orc warrior (D:7)
  6 ogres
  A phantom (D:5)
  4 centaurs
  5 elf zombies (Ossuary)
  A bullfrog (D:6)
  A killer bee (D:5)
  3 wights (D:6)
  3 centaur zombies (Ossuary)
  2 bullfrog skeletons
  4 orc priests
  A hound (D:5)
  4 human zombies (Ossuary)
  Ijyb (D:4)
  5 orc wizards
  5 worker ants
  A hound skeleton (D:6)
  4 mummies
  Robin (D:4)
  6 gnolls
  9 adders
  4 shadow imps
  2 white imps
  An ufetubus (D:5)
  An ooze (D:1)
  An adder zombie (D:7)
  A worm (D:2)
  3 dart slugs
  3 leopard geckos
  16 orcs
  6 giant cockroaches
  16 goblins
  3 hobgoblins
  19 jackals
  A quokka (D:3)
  5 bats
  3 frilled lizards
  A goblin zombie (D:6)
  A jackal skeleton (D:5)
  6 kobolds
  A kobold zombie (D:6)
  A quokka skeleton (D:4)
  A rat (D:2)
169 creatures vanquished.

Notes
Turn   | Place    | Note
-------+----------+-------------------------------------------
     0 | D:1      | Borgoz the Ghoul Gladiator began the quest for the Orb.
     0 | D:1      | Reached XP level 1. HP: 17/17 MP: 0/0
   178 | D:1      | Reached XP level 2. HP: 20/25 MP: 1/1
   834 | D:1      | Reached XP level 3. HP: 30/30 MP: 2/2
   879 | D:1      | Reached skill level 1 in Armour
  1643 | D:2      | Found a stormy altar of Qazlal.
  1851 | D:2      | Found a sacrificial altar of Ru.
  1881 | D:2      | Reached XP level 4. HP: 21/37 MP: 3/3
  2458 | D:3      | Reached skill level 3 in Fighting
  2711 | D:3      | Found a shimmering altar of Xom.
  2956 | D:4      | Noticed Robin
  2970 | D:4      | Killed Robin
  3000 | D:4      | Found Qint's General Store.
  3091 | D:4      | Noticed Ijyb
  3110 | D:4      | Killed Ijyb
  3111 | D:4      | Reached XP level 5. HP: 26/45 MP: 4/4
  3274 | D:4      | Noticed Eustachio
  3297 | D:4      | HP: 1/45 [river rat[Eustachio] (8)]
  3314 | D:4      | Killed Eustachio
  3315 | D:4      | Reached XP level 6. HP: 25/52 MP: 5/5
  3471 | D:5      | Entered Level 5 of the Dungeon
  3581 | D:4      | Noticed Edmund
  3718 | D:5      | Reached skill level 4 in Fighting
  3789 | D:5      | Killed Edmund
  3999 | D:4      | Reached XP level 7. HP: 56/60 MP: 6/6
  4923 | D:5      | Reached skill level 5 in Fighting
  5120 | D:5      | Reached XP level 8. HP: 59/68 MP: 7/7
  5174 | D:5      | Reached skill level 5 in Long Blades
  5262 | D:5      | Found a snail-covered altar of Cheibriados.
  5364 | D:5      | Found a transporter.
  5375 | D:5      | Noticed a hornet
  5375 | D:5      | Noticed Subaru's ghost (novice DrTm)
  5445 | D:5      | Reached skill level 5 in Dodging
  5623 | D:5      | Found a transporter.
  5837 | D:6      | Found Zeoduer's Gadget Shop.
  5979 | D:6      | Found a sand-covered staircase.
  6138 | Ossuary  | Entered an ossuary
  6220 | Ossuary  | Reached skill level 6 in Fighting
  6447 | Ossuary  | Reached XP level 9. HP: 48/78 MP: 8/8
  6679 | Ossuary  | Reached skill level 5 in Armour
  7042 | D:6      | Noticed Sigmund
  7053 | D:6      | Killed Sigmund
  7115 | D:6      | Found a broken altar of Ashenzari.
  7115 | D:6      | Found a burning altar of Makhleb.
  7116 | D:6      | Found an iron altar of Okawaru.
  7278 | D:6      | Reached skill level 7 in Fighting
  7320 | D:6      | Found a sparkling altar of Nemelex Xobeh.
  7563 | D:6      | Found a glowing silver altar of Zin.
  7783 | D:6      | Found a white marble altar of Elyvilon.
  7891 | D:6      | Found a basalt altar of Yredelemnul.
  7897 | D:6      | Found a radiant altar of Vehumet.
  8181 | D:6      | Became a worshipper of Ashenzari the Shackled
  8695 | D:7      | Found a shadowy altar of Dithmenos.
  8803 | D:7      | Found a staircase to the Ecumenical Temple.
  8879 | Temple   | Entered the Ecumenical Temple
  9062 | D:5      | Reached XP level 10. HP: 43/88 MP: 9/9
  9071 | D:5      | HP: 4/88 [hornet (11)]
  9078 | D:5      | HP: 1/88 [killer bee (5)]
  9081 | D:5      | Slain by a killer bee

Illustrated notes

Levels and vault maps discovered:
D:1:      kilobyte_arrival_exit_the_forest, layout_basic
D:2:      layout_loops_cross, old_standard_altar, grunt_qazlal_clouds
D:3:      layout_basic, lemuel_round_altar
D:4:      layout_loops_ring, serial_shops, nicolae_shop_crystal, uniq_edmund,
          uniq_robin, uniq_ijyb, uniq_eustachio
D:5:      layout_loops_ring, lemuel_crystal_altar, gammafunk_ghost_hive
D:6:      layout_loops_cross, lemuel_round_altar,
          nicolae_overflow_hidden_temple, zin_statuary,
          minmay_overflow_temple_star_quad, serial_shops, shop,
          nicolae_ossuary_entry_giza, uniq_sigmund
D:7:      layout_basic, nicolae_dithmenos_through_a_glass_darkly,
          minmay_temple_entry_glass
D:8:      layout_basic
Temple:   corrupted_temple

Skill      XL: |  1  2  3  4  5  6  7  8  9 |
---------------+----------------------------+-----
Long Blades    | 3 4 5 6 |  6.8
Dodging        | 3 4 5 6 |  6.8
Armour         | 1 2 3 4 6 |  6.1
Fighting       | 3 4 5 6 7 |  7.8
Throwing       | |  1.7

Action                   |  1- 3 |  4- 6 |  7- 9 | 10-12 || total
-------------------------+-------+-------+-------+-------++-------
Melee: Long sword        |   129 |   138 |   621 |     9 ||   897
Throw: Throwing net      |     1 |     1 |     4 |       ||     6
  Use: Scroll            |       |     9 |    15 |     1 ||    25
       Potion            |       |     2 |     1 |     2 ||     5
 Stab: Held in net/web   |     2 |     1 |       |       ||     3
Armor: Leather armour    |    39 |    34 |    10 |       ||    83
       Scale mail        |       |       |   240 |    11 ||   251
Dodge: Dodged            |    94 |    89 |   343 |    22 ||   548
Block: Buckler           |     7 |    10 |    71 |     3 ||    91
       Rpst.: Long sword |    26 |    25 |   106 |     4 ||   161
